 Dungeon Crawl Stone Soup version 0.29.0-13-gc9e81de378 (webtiles) character file.

Game seed: 13236099688839970974

79 groovy9 the Chopper (level 4, -2/39 HPs)
             Began as a Hill Orc Fighter on Sept 10, 2022.
             Killed by nerve-wracking pain
             ... invoked by a shadow imp
             ... summoned by Natasha
              (12 damage)
             ... on level 2 of the Dungeon.
             The game lasted 00:03:31 (2211 turns).

groovy9 the Chopper (Hill Orc Fighter)              Turns: 2211, Time: 00:03:32

Health: -2/39      AC:  5    Str: 20    XL:     4   Next: 38%
Magic:  4/4        EV: 10    Int:  8    God:
Gold:   158        SH:  4    Dex: 10    Spells: 3/3 levels left

rFire   . . .      SeeInvis .   a - +0 war axe
rCold   . . .      Faith    .   c - +0 buckler
rNeg    . . .      Spirit   .   p - +0 ring mail {rPois}
rPois   +          Reflect  .   (no helmet)
rElec   .          Harm     .   (no cloak)
rCorr   .          Rampage  .   (no gloves)
Will    .....                   (no boots)
Stlth   ..........              (no amulet)
HPRegen 0.13/turn               (no ring)
MPRegen 0.09/turn               (no ring)

@: no status effects
A: no striking features
a: no special abilities


You were on level 2 of the Dungeon.
You visited 1 branch of the dungeon, and saw 2 of its levels.

You collected 158 gold pieces.

Inventory:

Hand Weapons
 a - a +0 war axe (weapon)
Armour
 c - a +0 buckler (worn)
 p - a +0 ring mail of poison resistance (worn)
Scrolls
 e - a scroll of torment {unknown}
 i - 2 scrolls of blinking {unknown}
 j - a scroll of summoning {unknown}
 l - a scroll of vulnerability {unknown}
 m - a scroll of magic mapping {unknown}
 n - 2 scrolls of identify {unknown}
Potions
 d - a potion of might
 f - 3 potions of curing {unknown}
 g - 3 potions of haste {unknown}
 h - a potion of heal wounds {unknown}
 k - a potion of resistance {unknown}
 o - 2 potions of brilliance {unknown}


   Skills:
 - Level 3.6 Fighting
 + Level 6.0 Axes
 - Level 3.2 Armour
 - Level 3.2 Shields


You had 3 spell levels left.
You didn't know any spells.
Your spell library contained the following spells:

 Spells                   Type           Power      Damage    Failure   Level
 Necrotise                Necr           0%         1d4       67%         1
 Blink                    Tloc           0%         N/A       82%         2
 Lesser Beckoning         Tloc           0%         N/A       96%         3
 Vampiric Draining        Necr           0%         2d6       96%         3
 Summon Lightning Spire   Summ/Air       0%         N/A       100%        4
 Agony                    Necr           0%         N/A       100%        5
 Manifold Assault         Tloc           0%         N/A       100%        5
 Storm Form               Tmut/Air       0%         N/A       100%        7
 Maxwell's Capacitive Co  Air            0%         ∞         100%        8


Dungeon Overview and Level Annotations

Branches:
Dungeon (2/15)

Altars:

Annotations:
D:2 Natasha


Message History

Natasha is lightly wounded.
Natasha barely misses you.
You barely miss Natasha.
Natasha is lightly wounded.
Natasha claws you but does no damage.
You hit Natasha.
Natasha is moderately wounded.
Natasha hisses.
Natasha barely misses you.
You barely miss Natasha.
Natasha is moderately wounded.
Natasha stares at you and mumbles some strange words.
You resist with some effort.
You closely miss Natasha.
Natasha is moderately wounded.
Natasha claws you but does no damage. Natasha casts a spell at you.
The magic dart hits you.
You hit Natasha.
Natasha is heavily wounded.
Natasha mumbles some strange words.
You hit Natasha.
Natasha is almost dead.
Natasha claws you.
You closely miss Natasha.
Natasha is almost dead.
You hit the shadow imp. Natasha barely misses you.
The shadow imp hits you but does no damage.
You hit Natasha.
Natasha is almost dead.
You hit the shadow imp but do no damage.
Natasha barely misses you. The shadow imp hits you. Natasha claws you!
You closely miss Natasha.
Natasha is almost dead.
You slash the shadow imp! The shadow imp hits you.
* * * LOW HITPOINT WARNING * * *
Natasha claws you but does no damage. The shadow imp gestures at you.
Pain shoots through your body!
You die...

....# #.#...#.# ....#
#.#.....### ....#
#.#.......######## ....##
#.###.#.#.#...[..# .....#
#.......#.#.####.# .....#
#######.###.#.####.# .....#
#......(.........#.# .....#
#.##.#..###.#.#.##.#
.....###### #).#@...#.#.#.##.#
..........#....#h5..#.#.#.##.##
#########.######....#.#.#.....#
...............#....#.#.#######
#########...............#
######.#...##...# ##
###.#.####...# .###
###............# ...#
####...#.#######..#


You could see Natasha and a shadow imp (summoned).

Vanquished Creatures
  Natasha (D:2)
  An adder (D:2)
  2 worms (D:2)
  4 bats
  5 endoplasms
  3 hobgoblins (D:1)
  6 jackals (D:1)
  2 quokkas (D:1)
  5 ball pythons
  2 frilled lizards
  2 kobolds (D:2)
  4 rats
37 creatures vanquished.

Notes
Turn   | Place    | Note
-------+----------+-------------------------------------------
     0 | D:1      | groovy9 the Hill Orc Fighter began the quest for the Orb.
     0 | D:1      | Reached XP level 1. HP: 19/19 MP: 1/1
   106 | D:1      | Reached skill level 3 in Axes
   113 | D:1      | Reached XP level 2. HP: 10/26 MP: 2/2
   388 | D:1      | Reached skill level 4 in Axes
   512 | D:1      | Found a faded altar of an unknown god.
   698 | D:1      | Reached XP level 3. HP: 28/31 MP: 3/3
  1255 | D:2      | Reached skill level 5 in Axes
  1750 | D:2      | Noticed Natasha
  1757 | D:2      | Killed Natasha
  1758 | D:2      | Reached XP level 4. HP: 21/39 MP: 4/4
  1991 | D:2      | Reached skill level 6 in Axes
  2197 | D:2      | Noticed Natasha
  2211 | D:2      | Killed from afar by a shadow imp

Illustrated notes

Levels and vault maps discovered:
D:1:      dpeg_arrival_pond, layout_basic,
          shapermc_ecumenical_altar_mp_urbaneastern,
          chequers_serial_rivers_micro_e
D:2:      layout_basic, uniq_sigmund, uniq_natasha

Skill      XL: |  1  2  3  4 |
---------------+-------------+-----
Axes           | 3 4 5 6 |  6.0
Fighting       | |  3.6
Armour         | |  3.2
Shields        | |  3.2

Action                   |  1- 3 |  4- 6 || total
-------------------------+-------+-------++-------
Melee: War axe           |   102 |    28 ||   130
Armor: Scale mail        |    50 |       ||    50
       Ring mail         |       |     4 ||     4
Dodge: Dodged            |    53 |     9 ||    62
Block: Buckler           |    21 |     3 ||    24
